 Dungeon Crawl Stone Soup version 0.29.0-4-gdea44cf6ec (webtiles) character file.

Game seed: 14786419977683386862

45 qw the Caller (level 3, 0/29 HPs)
             Began as a Ghoul Summoner on Sept 9, 2022.
             Slain by a gnoll
             ... wielding a +0 spear
              (6 damage)
             ... on level 2 of the Dungeon.
             The game lasted 00:00:55 (2599 turns).

qw the Caller (Ghoul Summoner)                      Turns: 2599, Time: 00:00:56

Health: 0/29       AC:  3    Str: 13    XL:     3   Next: 64%
Magic:  0/4        EV: 11    Int: 10    God:
Gold:   30         SH:  0    Dex:  9    Spells: 4/5 levels left

rFire   . . .      SeeInvis .   Y - +1 short sword
rCold   + . .      Faith    .   (no shield)
rNeg    + + +      Spirit   .   h - +0 leather armour
rPois   inf        Reflect  .   (no helmet)
rElec   .          Harm     .   (no cloak)
rCorr   .          Rampage  .   (no gloves)
Will    .....                   (no boots)
Stlth   +.........              (no amulet)
HPRegen 0.00/turn               (no ring)
MPRegen 0.09/turn               (no ring)

@: inhibited regen
A: claws 1, cold resistance 1, negative energy resistance 3, inhibited
regeneration, torment resistance 2, devour on kill
a: no special abilities


You were on level 2 of the Dungeon.
You visited 1 branch of the dungeon, and saw 2 of its levels.

You collected 30 gold pieces.


Innate Abilities, Weirdness & Mutations

You are immune to poison.
You have sharp fingernails.
Your flesh is cold resistant. (rC+)
You are immune to negative energy. (rN+++)
You do not regenerate when monsters are visible.
You are immune to unholy pain and torment.
You thrive by killing the living.


   Skills:
 - Level 2.0 Fighting
 + Level 2.1 Axes
 - Level 1.7 Dodging
 - Level 2.1 Stealth
 - Level 1.7 Spellcasting
 - Level 3.6 Summonings


You had 4 spell levels left.
You knew the following spells:

 Your Spells              Type           Power      Damage    Failure   Level
a - Summon Small Mammal   Summ           32%        N/A       10%         1

Your spell library contained the following spells:

 Spells                   Type           Power      Damage    Failure   Level
 Call Imp                 Summ           8%         N/A       14%         2
 Call Canine Familiar     Summ           8%         N/A       28%         3
 Summon Guardian Golem    Hex/Summ       4%         N/A       52%         3
 Summon Lightning Spire   Summ/Air       4%         N/A       89%         4

Inventory:

Hand Weapons
 Y - a +1 short sword (weapon)
Armour
 a - a +0 ring mail
 h - a +0 leather armour (worn)
Scrolls
 f - a scroll of identify
Potions
 b - a potion of heal wounds {unknown}
 c - a potion of curing {unknown}
 g - 2 potions of haste

Dungeon Overview and Level Annotations

Branches:
Dungeon (2/15)

Altars:


Message History

The rat twitches its whiskers.
Your rat closely misses the gnoll.
You hit the gnoll.
The gnoll is lightly wounded.
The gnoll hits you with a +0 club!
Your rat bites the gnoll.
The rat bites your rat. The gnoll hits you with a +0 club.
You hit the gnoll.
The gnoll is heavily wounded.
Your rat bites the rat.
The rat bites your rat.
Your rat dies!
Your rat's corpse disappears in a puff of smoke!
The gnoll barely misses you.
2594 ||| CASTING Summon Small Mammal
Casting: Summon Small Mammal (safe; 10% risk of failure)
Confirm with . or Enter, or press ? or * to list all spells.
The gnoll hits you with a +0 club.
2595 ||| Stepping ~*~*~tactically~*~*~ (outnumbered).
Your bat hits the gnoll. The gnoll closely misses you.
The gnoll barely misses your bat.
You closely miss the rat.
The rat is heavily wounded.
Your bat hits the gnoll but does no damage.
Your bat barely misses the gnoll.
The rat barely misses you. The gnoll closely misses you.
The gnoll closely misses your bat.
You barely miss the rat.
The rat is heavily wounded.
Your bat hits the gnoll but does no damage.
The rat barely misses you. The gnoll barely misses you.
The gnoll barely misses your bat.
You hit the rat.
You kill the rat!
You feel better.
Your bat barely misses the gnoll.
The gnoll hits you from afar with a +0 spear.
The gnoll barely misses your bat. The ball python barely misses you. x2
You hit the ball python.
You kill the ball python!
Your bat hits the gnoll.
Your bat barely misses the gnoll.
The gnoll hits you from afar with a +0 spear.
You die...

#.....#.# #........
#.....#.###........
#.....#...........>
#.....#............
##.#####.....#......
#..# #.....#.#....
##[###.##
#.....#.#....
......ggg###
#.....#.#....
#.###.##.@.#
#.....#.#.... ...
#b#.# #######.#....
#S# .g.#.+ #<#####


gg. #.#.#.# #.# ...#.... .. #.# #.#.. ... ..#... .# #. ... You could see 4
gnolls and a friendly bat (summoned).

Vanquished Creatures
  An adder (D:2)
  A worm (D:2)
  2 endoplasms
  2 giant cockroaches
  A goblin (D:2)
  3 hobgoblins (D:1)
  2 quokkas (D:1)
  A ball python (D:2)
  A frilled lizard (D:1)
  A kobold (D:2)
  4 rats
19 creatures vanquished.

Vanquished Creatures (collateral kills)
  3 goblins (D:1)
  2 hobgoblins (D:1)
  A kobold (D:1)
  A quokka (D:1)
  3 bats (D:1)
  A frilled lizard (D:1)
  3 rats
14 creatures vanquished.

Grand Total: 33 creatures vanquished

Notes
Turn   | Place    | Note
-------+----------+-------------------------------------------
     0 | D:1      | qw the Ghoul Summoner began the quest for the Orb.
     0 | D:1      | Reached XP level 1. HP: 14/14 MP: 2/2
     0 | D:1      | 0 ||| qw: Version: 0.1-a-113-g051387a
     0 | D:1      | 0 ||| qw: Game counter: 6967
     0 | D:1      | 0 ||| qw: Always use a shield: true
     0 | D:1      | 0 ||| qw: God list: Okawaru
     0 | D:1      | 0 ||| qw: Allow faded altars: false
     0 | D:1      | 0 ||| qw: Do Orc after D:15 true
     0 | D:1      | 0 ||| qw: Do second Lair branch before Depths: true
     0 | D:1      | 0 ||| qw: Lair rune preference: random
     0 | D:1      | 0 ||| qw: Plans: Normal
     0 | D:1      | 0 ||| PLANNING D:1-11
     5 | D:1      | 5 ||| CASTING Summon Small Mammal
     6 | D:1      | 6 ||| CASTING Summon Small Mammal
   117 | D:1      | 117 ||| CASTING Summon Small Mammal
   118 | D:1      | 118 ||| CASTING Summon Small Mammal
   296 | D:1      | 296 ||| CASTING Summon Small Mammal
   297 | D:1      | 297 ||| CASTING Summon Small Mammal
   328 | D:1      | 328 ||| CASTING Summon Small Mammal
   329 | D:1      | 329 ||| CASTING Summon Small Mammal
   359 | D:1      | 359 ||| Wielding weapon +0 short sword.
   390 | D:1      | 390 ||| CASTING Summon Small Mammal
   391 | D:1      | 391 ||| CASTING Summon Small Mammal
   401 | D:1      | Reached skill level 1 in Axes
   416 | D:1      | 416 ||| CASTING Summon Small Mammal
   417 | D:1      | 417 ||| CASTING Summon Small Mammal
   429 | D:1      | 429 ||| CASTING Summon Small Mammal
   432 | D:1      | Reached XP level 2. HP: 16/22 MP: 0/3
   521 | D:1      | 521 ||| CASTING Summon Small Mammal
   522 | D:1      | 522 ||| CASTING Summon Small Mammal
   523 | D:1      | 523 ||| CASTING Summon Small Mammal
   532 | D:1      | Reached skill level 1 in Fighting
   560 | D:1      | 560 ||| CASTING Summon Small Mammal
   561 | D:1      | 561 ||| CASTING Summon Small Mammal
   562 | D:1      | 562 ||| CASTING Summon Small Mammal
   573 | D:1      | 573 ||| CASTING Summon Small Mammal
   858 | D:1      | 858 ||| CASTING Summon Small Mammal
   859 | D:1      | 859 ||| CASTING Summon Small Mammal
   860 | D:1      | 860 ||| CASTING Summon Small Mammal
   914 | D:1      | 914 ||| CASTING Summon Small Mammal
   915 | D:1      | 915 ||| CASTING Summon Small Mammal
   916 | D:1      | 916 ||| CASTING Summon Small Mammal
   956 | D:1      | 956 ||| CASTING Summon Small Mammal
   959 | D:1      | 959 ||| CASTING Summon Small Mammal
   960 | D:1      | 960 ||| CASTING Summon Small Mammal
  1009 | D:1      | 1009 ||| CASTING Summon Small Mammal
  1010 | D:1      | 1010 ||| CASTING Summon Small Mammal
  1011 | D:1      | 1011 ||| CASTING Summon Small Mammal
  1052 | D:1      | Found a faded altar of an unknown god.
  1058 | D:1      | 1058 ||| CASTING Summon Small Mammal
  1059 | D:1      | 1059 ||| CASTING Summon Small Mammal
  1060 | D:1      | 1060 ||| CASTING Summon Small Mammal
  1101 | D:1      | 1101 ||| CASTING Summon Small Mammal
  1102 | D:1      | 1102 ||| CASTING Summon Small Mammal
  1103 | D:1      | 1103 ||| CASTING Summon Small Mammal
  1114 | D:1      | 1114 ||| CASTING Summon Small Mammal
  1229 | D:1      | 1229 ||| CASTING Summon Small Mammal
  1230 | D:1      | 1230 ||| CASTING Summon Small Mammal
  1231 | D:1      | 1231 ||| CASTING Summon Small Mammal
  1241 | D:1      | 1241 ||| CASTING Summon Small Mammal
  1281 | D:1      | 1281 ||| CASTING Summon Small Mammal
  1282 | D:1      | 1282 ||| CASTING Summon Small Mammal
  1283 | D:1      | 1283 ||| CASTING Summon Small Mammal
  1320 | D:1      | 1320 ||| CASTING Summon Small Mammal
  1321 | D:1      | 1321 ||| CASTING Summon Small Mammal
  1322 | D:1      | 1322 ||| CASTING Summon Small Mammal
  1332 | D:1      | 1332 ||| CASTING Summon Small Mammal
  1453 | D:1      | 1453 ||| CASTING Summon Small Mammal
  1454 | D:1      | 1454 ||| CASTING Summon Small Mammal
  1455 | D:1      | 1455 ||| CASTING Summon Small Mammal
  1465 | D:1      | 1465 ||| CASTING Summon Small Mammal
  1473 | D:1      | Reached XP level 3. HP: 17/28 MP: 0/4
  1620 | D:1      | 1620 ||| CASTING Summon Small Mammal
  1621 | D:1      | 1621 ||| CASTING Summon Small Mammal
  1622 | D:1      | 1622 ||| CASTING Summon Small Mammal
  1624 | D:1      | 1624 ||| CASTING Summon Small Mammal
  1691 | D:1      | 1691 ||| CASTING Summon Small Mammal
  1692 | D:1      | 1692 ||| Stepping ~*~*~tactically~*~*~ (stealth).
  1693 | D:1      | 1693 ||| CASTING Summon Small Mammal
  1694 | D:1      | 1694 ||| CASTING Summon Small Mammal
  1695 | D:1      | 1695 ||| CASTING Summon Small Mammal
  1702 | D:1      | 1702 ||| CASTING Summon Small Mammal
  2047 | D:1      | 2047 ||| UPGRADING to +0 leather armour.
  2057 | D:1      | 2057 ||| DROPPING +0 robe.
  2058 | D:1      | 2058 ||| DROPPING ring of wizardry.
  2059 | D:1      | 2059 ||| READING scroll labelled VEQUWY RYR FYR.
  2060 | D:1      | 2060 ||| READING scroll labelled UJEUDOCLUT.
  2061 | D:1      | 2061 ||| READING 3 scrolls labelled NANYIL GUTEZE.
  2062 | D:1      | 2062 ||| READING scroll labelled NIYH LUSUEPT.
  2063 | D:1      | 2063 ||| READING scroll labelled LURUNIA IBBA.
  2064 | D:1      | 2064 ||| READING scroll labelled COFIYW OPHOE.
  2065 | D:1      | 2065 ||| READING 2 scrolls of identify.
  2065 | D:1      | 2065 ||| IDENTIFYING pink potion
  2066 | D:1      | 2066 ||| DROPPING potion of magic.
  2099 | D:2      | 2099 ||| CASTING Summon Small Mammal
  2100 | D:2      | 2100 ||| CASTING Summon Small Mammal
  2101 | D:2      | 2101 ||| CASTING Summon Small Mammal
  2102 | D:2      | 2102 ||| CASTING Summon Small Mammal
  2104 | D:2      | 2104 ||| STAIRDANCE
  2172 | D:2      | 2172 ||| CASTING Summon Small Mammal
  2173 | D:2      | 2173 ||| CASTING Summon Small Mammal
  2174 | D:2      | 2174 ||| CASTING Summon Small Mammal
  2175 | D:2      | 2175 ||| CASTING Summon Small Mammal
  2230 | D:2      | 2230 ||| CASTING Summon Small Mammal
  2231 | D:2      | 2231 ||| CASTING Summon Small Mammal
  2232 | D:2      | 2232 ||| CASTING Summon Small Mammal
  2233 | D:2      | 2233 ||| CASTING Summon Small Mammal
  2241 | D:2      | 2241 ||| CASTING Summon Small Mammal
  2288 | D:2      | 2288 ||| CASTING Summon Small Mammal
  2289 | D:2      | 2289 ||| CASTING Summon Small Mammal
  2290 | D:2      | 2290 ||| CASTING Summon Small Mammal
  2291 | D:2      | 2291 ||| CASTING Summon Small Mammal
  2299 | D:2      | 2299 ||| CASTING Summon Small Mammal
  2309 | D:2      | 2309 ||| CASTING Summon Small Mammal
  2319 | D:2      | 2319 ||| CASTING Summon Small Mammal
  2582 | D:2      | 2582 ||| Stepping ~*~*~tactically~*~*~ (stealth).
  2583 | D:2      | 2583 ||| CASTING Summon Small Mammal
  2584 | D:2      | 2584 ||| CASTING Summon Small Mammal
  2586 | D:2      | 2586 ||| CASTING Summon Small Mammal
  2587 | D:2      | 2587 ||| CASTING Summon Small Mammal
  2590 | D:2      | 2590 ||| Stepping ~*~*~tactically~*~*~ (hiding).
  2594 | D:2      | 2594 ||| CASTING Summon Small Mammal
  2595 | D:2      | 2595 ||| Stepping ~*~*~tactically~*~*~ (outnumbered).
  2598 | D:2      | HP: 6/29 [gnoll/+0 spear (4)]
  2599 | D:2      | Slain by a gnoll

Levels and vault maps discovered:
D:1:      dpeg_arrival_connections, layout_basic,
          shapermc_ecumenical_altar_starsandcircs, minmay_misc_feat_rows
D:2:      layout_basic, basic_altar, nicolae_concentric_dashed_squares_mild

Skill      XL: |  1  2  3 |
---------------+----------+-----
Axes           | 1 2 |  2.1
Fighting       | 1 2 |  2.0
Dodging        | |  1.7
Stealth        | |  2.1
Spellcasting   | |  1.7
Summonings     | |  3.6

Action                   || total
-------------------------++-------
Melee: Unarmed           ||     8
       Short sword       ||    92
 Cast: Summon Small Mamm ||    80
  Use: Scroll            ||     7
Armor: Robe              ||    14
       Leather armour    ||     9
Dodge: Dodged            ||    71

Table legend:
 A = Non-vault XP
 B = Vault XP
 C = Vault XP percentage of total XP
 D = Non-vault monster count
 E = Vault monster count
 F = Vault count percentage of total count
                 A         B        C        D         E       F
            +---------+---------+-------+---------+---------+-------
      Total |      66 |       0 |   0.0 |      33 |       0 |   0.0
            +---------+---------+-------+---------+---------+-------
        D:1 |      38 |       0 |   0.0 |      24 |       0 |   0.0
        D:2 |      28 |       0 |   0.0 |       9 |       0 |   0.0
            +---------+---------+-------+---------+---------+-------
